 Dungeon Crawl Stone Soup version 0.31-a0-237-g2d982f9f85 (webtiles) character file.

Game seed: 7755897797444161730

28 qw the Shooter (level 3, 0/29 HPs)
             Began as a Minotaur Hexslinger on July 10, 2023.
             Slain by a kobold
             ... wielding a +1 dagger of holy wrath
              (3 damage)
             ... while paralysed by Grinder
             ... on level 4 of the Dungeon.
             The game lasted 00:00:18 (745 turns).

qw the Shooter (Minotaur Hexslinger)                 Turns: 745, Time: 00:00:19

Health: 0/29       AC:  5    Str: 12    XL:     3   Next: 0%
Magic:  3/3        EV:  2    Int:  7    God:
Gold:   21         SH:  0    Dex: 19    Spells: 3/4 levels left

rFire   . . .        Y - +1 sling
rCold   + . .        (no shield)
rNeg    . . .        j - +0 ring mail
rPois   .            a - +0 hat of Baldness {rC+ Int-3 Dex+5}
rElec   .            (no cloak)
rCorr   .            (no gloves)
SInv    .            (no boots)
Will    .....        (no amulet)
Stlth   +            (no ring)
HPRegen 0.24/turn    (no ring)
MPRegen 0.08/turn

%: no passive effects
@: paralysed
A: horns 2, retaliatory headbutt
a: no special abilities


You were on level 4 of the Dungeon.
You visited 1 branch of the dungeon, and saw 3 of its levels.

You collected 61 gold pieces.
You spent 40 gold pieces at shops.


Innate Abilities, Weirdness & Mutations

You have a pair of horns on your head.
You reflexively headbutt those who attack you in melee.


   Skills:
 - Level 2.0 Fighting
 + Level 3.5 Ranged Weapons
 - Level 2.1 Dodging
 - Level 1.0 Spellcasting
 - Level 2.0 Hexes


You had 3 spell levels left.
You knew the following spells:

 Your Spells              Type           Power      Damage    Failure   Level
a - Slow                  Hex            12%        N/A       38%         1

Your spell library contained the following spells:

 Spells                   Type           Power      Damage    Failure   Level
 Inner Flame              Hex/Fire       1%         N/A       88%         3
 Portal Projectile        Hex/Tloc       2%         N/A       88%         3
 Cause Fear               Hex            1%         N/A       99%         4

Inventory:

Hand Weapons
 Y - a +1 sling (weapon)
Armour
 a - the +0 hat of Baldness (worn) {rC+ Int-3 Dex+5}
   (You acquired it on level 1 of the Dungeon)

   Int:       It affects your intelligence (-3).
   Dex:       It affects your dexterity (+5).
   rC:        It protects you from cold.
 b - a +0 pair of boots
 j - a +0 ring mail (worn)
Scrolls
 e - a scroll of identify
Potions
 c - a potion of ambrosia {unknown}

Dungeon Overview and Level Annotations

Branches:
Dungeon (4/15)
 Temple: D:4-7

Altars:

Shops:
D:1 [?

Annotations:
D:4 Grinder


Message History

You now have 21 gold pieces (gained 8).
A sourceless malevolence fills the Dungeon...
You fall into a shaft and drop 2 floors!
The shaft crumbles and collapses.
Found an escape hatch in the floor.
Waypoint 2 assigned to D:4.
Grinder comes into view.
Grinder shouts!
You hear a shout!
Grinder blinks!
Grinder moves out of view.
You shoot a sling bullet. The sling bullet barely misses Grinder.
A kobold comes into view.
It is wielding a +1 dagger of holy wrath.
You shoot a sling bullet. The sling bullet barely misses Grinder.
You shoot a sling bullet. The sling bullet barely misses Grinder.
You shoot a sling bullet. The sling bullet barely misses Grinder.
You shoot a sling bullet.
The sling bullet closely misses Grinder.
The sling bullet misses the kobold.
Grinder barely misses you. You furiously retaliate!
You headbutt Grinder. You shoot a sling bullet. The sling bullet hits Grinder.
Grinder is lightly wounded.
Grinder gestures at you. Pain shoots through your body!
Grinder hits you but does no damage. The kobold hits you but does no damage.
You shoot a sling bullet.
The sling bullet closely misses Grinder.
The kobold hits you but does no damage. Grinder hits you!
You writhe in agony.
You shoot a sling bullet.
The sling bullet hits Grinder but does no damage.
Grinder is lightly wounded.
The kobold barely misses you. Grinder gestures at you.
You resist with significant effort.
You shoot a sling bullet. The sling bullet hits Grinder!
Grinder is moderately wounded.
The kobold hits you with a +1 dagger of holy wrath.
Grinder barely misses you. Grinder gestures at you.
You suddenly lose the ability to move!
The kobold hits you with a +1 dagger of holy wrath.
You die...

..##.. #. ..$.#
##.. .... #...#
.... #....###..
#........## ##
......K5.###.##.
#...@........
#......#....
####.....# #
#.....###
#.......# #.
##......# ....
#..###.##...#
####.##.......#
#..###...###.##


You could see Grinder and a kobold.

Vanquished Creatures
  2 dart slugs
  3 orcs (D:2)
  2 ball pythons
  An endoplasm (D:1)
  2 giant cockroaches (D:1)
  A goblin (D:1)
  3 hobgoblins (D:1)
  A bat (D:2)
  2 frilled lizards
  2 kobolds
  A rat (D:2)
20 creatures vanquished.

Notes
Turn   | Place    | Note
-------+----------+-------------------------------------------
     0 | D:1      | qw the Minotaur Hexslinger began the quest for the Orb.
     0 | D:1      | Reached XP level 1. HP: 16/16 MP: 1/1
     0 | D:1      | 0 ||| qw: Version: 0.3-a-52-g30416fa
     0 | D:1      | 0 ||| qw: Game counter: 5285
     0 | D:1      | 0 ||| qw: Melee chars always use a shield: true
     0 | D:1      | 0 ||| qw: God list: Okawaru
     0 | D:1      | 0 ||| qw: Allow faded altars: false
     0 | D:1      | 0 ||| qw: Do Orc after clearing Dungeon:15 true
     0 | D:1      | 0 ||| qw: Do second Lair branch before Depths: true
     0 | D:1      | 0 ||| qw: Lair rune preference: random
     0 | D:1      | 0 ||| qw: Goals: Normal
     0 | D:1      | 0 ||| PLANNING D:1-11
    77 | D:1      | Found Idopoer's Antique Armour Shop.
    94 | D:1      | 94 ||| SHOPLISTING embroidered robe (92 gold, have 12).
    94 | D:1      | 94 ||| SHOPLISTING leather armour (50 gold, have 12).
    94 | D:1      | 94 ||| SHOPLISTING ring mail (100 gold, have 12).
    94 | D:1      | 94 ||| SHOPLISTING runed robe (92 gold, have 12).
    94 | D:1      | 94 ||| SHOPLISTING shiny ring mail (175 gold, have 12).
   190 | D:1      | Reached skill level 3 in Ranged Weapons
   192 | D:1      | Reached XP level 2. HP: 23/23 MP: 2/2
   323 | D:1      | Found Ozatsai's Magic Scroll Shoppe.
   332 | D:1      | 332 ||| SHOPLISTING 3 scrolls of identify (60 gold, have
                  | 53).
   332 | D:1      | 332 ||| SHOPLISTING scroll of enchant weapon (75 gold, have
                  | 53).
   332 | D:1      | 332 ||| BUYING scroll of identify (20 gold).
   332 | D:1      | Bought a scroll of identify for 20 gold pieces
   332 | D:1      | 332 ||| BUYING scroll of identify (20 gold).
   332 | D:1      | Bought a scroll of identify for 20 gold pieces
   332 | D:1      | 332 ||| SHOPLISTING scroll of teleportation (30 gold, have
                  | 13).
   483 | D:1      | 483 ||| UPGRADING to +0 leather armour.
   493 | D:1      | 493 ||| DROPPING +0 robe.
   494 | D:1      | 494 ||| UPGRADING to +0 ring mail.
   504 | D:1      | 504 ||| DROPPING +0 leather armour.
   505 | D:1      | 505 ||| READING scroll labelled MEFORE WOCLYT.
   505 | D:1      | Identified a scroll of acquirement
   505 | D:1      | 505 ||| ACQUIRING +0 hat of Baldness {rC+ Int-3 Dex+5}
   505 | D:1      | Acquired the +0 hat of Baldness {rC+ Int-3 Dex+5}
   507 | D:1      | 507 ||| UPGRADING to +0 hat of Baldness {rC+ Int-3 Dex+5}.
   512 | D:1      | 512 ||| READING scroll labelled TIRPHU VAC QOEG.
   513 | D:1      | 513 ||| READING 3 scrolls of identify.
   513 | D:1      | 513 ||| IDENTIFYING murky black potion
   514 | D:1      | 514 ||| READING 2 scrolls of identify.
   514 | D:1      | 514 ||| IDENTIFYING bubbling brown potion
   515 | D:1      | 515 ||| DROPPING scroll of poison.
   516 | D:1      | 516 ||| DROPPING potion of lignification.
   517 | D:1      | 517 ||| DROPPING potion of attraction.
   670 | D:2      | Reached XP level 3. HP: 29/29 MP: 3/3
   717 | D:2      | You fall into a shaft and drop 2 floors!
   733 | D:4      | Noticed Grinder
   743 | D:4      | HP: 4/29 [Grinder (5)]
   745 | D:4      | Paralysed by Grinder for 2 turns
   745 | D:4      | Slain by a kobold

Levels and vault maps discovered:
D:1:      nzn_arrival_depleted_hourglass, layout_basic, serial_shops,
          nicolae_shop_rolling_square, nicolae_shop_overgrown_old_shop
D:2:      layout_loops_corners, serial_shops, nicolae_shop_waterfront,
          nicolae_the_louvre
D:4:      layout_cave_pools, gammafunk_ghost_stat_death, uniq_blork_the_orc,
          uniq_grinder

Skill      XL: |  1  2 |
---------------+-------+-----
Ranged Weapons | 3 |  3.5
Fighting       | 2 |  2.0
Dodging        | |  2.1
Spellcasting   | |  1.0
Hexes          | |  2.0

Action                     || total
---------------------------++-------
   Fire: Sling             ||    62
    Use: Scroll            ||     4
 Armour: Ring mail         ||     3
  Dodge: Dodged            ||    12

Table legend:
 A = Non-vault XP
 B = Vault XP
 C = Vault XP percentage of total XP
 D = Non-vault monster count
 E = Vault monster count
 F = Vault count percentage of total count
                 A         B        C        D         E       F
            +---------+---------+-------+---------+---------+-------
      Total |      41 |       0 |   0.0 |      20 |       0 |   0.0
            +---------+---------+-------+---------+---------+-------
        D:1 |      22 |       0 |   0.0 |      11 |       0 |   0.0
        D:2 |      19 |       0 |   0.0 |       9 |       0 |   0.0
            +---------+---------+-------+---------+---------+-------
